 Dungeon Crawl Stone Soup version 0.30.0-30-g96aa6591b8 (webtiles) character file.

Game seed: 3306060227982499523

107 GloriousHammer the Trooper (level 4, 0/40 (48) HPs)
             Began as an Ogre Warper on July 1, 2023.
             Slain by a gnoll
             ... wielding a +0 spear
              (4 damage)
             ... on level 3 of the Dungeon.
             The game lasted 00:07:06 (2108 turns).

GloriousHammer the Trooper (Ogre Warper)            Turns: 2108, Time: 00:07:07

HP:   0/40 (48)     AC:  3    Str: 15    XL:     4   Next: 85%
MP:   4/7           EV: 10    Int: 22    God:
Gold: 108           SH:  0    Dex: 14    Spells: 3/7 levels left

rFire   . . .        v - +0 whip
rCold   . . .        (no shield)
rNeg    . . .        b - +0 robe
rPois   .            (helmet restricted)
rElec   .            (no cloak)
rCorr   .            (gloves unavailable)
SInv    .            (boots unavailable)
Will    .....        (no amulet)
Stlth   +            f - +6 ring of intelligence
HPRegen 0.26/turn    D - +6 ring of dexterity
MPRegen 0.10/turn

%: no passive effects
@: on blink cooldown, heavily drained
A: large, unfitting armour, tough skin 1
a: no special abilities


You were on level 3 of the Dungeon.
You visited 1 branch of the dungeon, and saw 3 of its levels.

You collected 108 gold pieces.

Inventory:

Hand Weapons
 a - a +0 mace
 v - a +0 whip (weapon)
Missiles
 d - 7 boomerangs of dispersal
 m - 2 atropa-tipped darts
 n - 16 poisoned darts
 r - 2 javelins (quivered)
Armour
 b - a +0 robe (worn)
Jewellery
 f - a +6 ring of intelligence (left hand)
 D - a +6 ring of dexterity (right hand)
Scrolls
 c - 2 scrolls of blinking
 i - 4 scrolls of amnesia {unknown}
 j - 2 scrolls of noise {unknown}
 k - a scroll of poison {unknown}
 o - a scroll of enchant armour {unknown}
 q - a scroll of immolation {unknown}
 s - a scroll of teleportation {unknown}
 t - a scroll of fear {unknown}
Potions
 e - 3 potions of heal wounds {unknown}
 g - 2 potions of brilliance {unknown}
 h - 2 potions of flight {unknown}
 l - a potion of cancellation {unknown}
 p - a potion of resistance {unknown}
 u - a potion of degeneration {unknown}


   Skills:
 + Level 4.2 Fighting
 + Level 2.8 Maces & Flails
 - Level 1.0 Throwing
 - Level 2.1 Dodging
 - Level 2.4 Spellcasting
 + Level 1.0 Necromancy
 + Level 2.8 Translocations
 + Level 1.0 Air Magic
 + Level 1.1 Poison Magic


You had 3 spell levels left.
You knew the following spells:

 Your Spells              Type           Power      Damage    Failure   Level
a - Blink                 Tloc           30%        N/A       6%          2
b - Cigotuvi's Dreadful   Necr/Pois/Air  14%        N/A       13%         2

Your spell library contained the following spells:

 Spells                   Type           Power      Damage    Failure   Level
 Lesser Beckoning         Tloc           30%        N/A       6%          2
 Teleport Other           Tloc           15%        N/A       12%         3
 Sandblast                Erth           4%         2d4       13%         1
 Vhi's Electric Charge    Tloc/Air       22%        N/A       19%         3
 Passwall                 Tmut/Erth      1%         N/A       21%         2
 Wereblood                Tmut           2%         N/A       21%         2
 Spider Form              Tmut/Pois      5%         N/A       32%         3
 Stone Arrow              Conj/Erth      4%         3d7       36%         3
 Manifold Assault         Tloc           15%        N/A       38%         4
 Maxwell's Capacitive Co  Air            3%         ∞         100%        8


Dungeon Overview and Level Annotations

Branches:
Dungeon (3/15)

Altars:


Innate Abilities, Weirdness & Mutations

You are too large for most types of armour.
You have tough skin. (AC +1)


Message History

The quokka attacks as you move away! The quokka barely misses you.
The frilled lizard attacks as you move away!
The frilled lizard bites you.
The quokka bites you but does no damage.
The frilled lizard attacks as you move away!
The frilled lizard completely misses you.
The quokka attacks as you move away! The quokka bites you.
The frilled lizard hisses.
You see here a hobgoblin corpse.
The quokka twitches its whiskers.
The quokka barely misses you.
You see here 5 stones.
The frilled lizard attacks as you move away!
The frilled lizard bites you.
The frilled lizard attacks as you move away!
The frilled lizard bites you. The quokka barely misses you.
The quokka attacks as you move away! The quokka bites you.
Casting: Blink (safe; 6% risk of failure)
Confirm with . or Enter, or press ? or * to list all spells.
You miscast Cigotuvi's Dreadful Rot.
You are very lightly contaminated with residual magic.
Nothing appears to happen.
The quokka closely misses you.
Casting: Cigotuvi's Dreadful Rot (safe; 13% risk of failure)
Confirm with . or Enter, or press ? or * to list all spells.
A part of your flesh rots into a cloud of miasma!
You feel drained.
The quokka bites you but does no damage.
The quokka attacks as you move away! The quokka bites you.
Your magical contamination has completely faded away.
You miss the quokka.
The quokka is heavily wounded.
The quokka closely misses you.
You miss the quokka.
The quokka is heavily wounded.
The quokka bites you.
The quokka bites you but does no damage.
You barely miss the quokka.
The quokka is heavily wounded.
The quokka barely misses you.
You hit the quokka.
The quokka is severely wounded.
The quokka barely misses you.
You closely miss the quokka.
The quokka is severely wounded.
The quokka bites you but does no damage.
You barely miss the quokka.
The quokka is severely wounded.
The quokka barely misses you.
You closely miss the quokka. Your punch misses the quokka.
The quokka is severely wounded.
The quokka bites you but does no damage.
You closely miss the quokka. You punch the quokka, but do no damage.
The quokka is severely wounded.
The quokka closely misses you.
You hit the quokka.
The quokka is almost dead.
The quokka barely misses you.
You hit the quokka.
You kill the quokka!
You hit the frilled lizard.
You kill the frilled lizard!
Your Necromancy skill increases to level 1!
You hit the endoplasm.
You kill the endoplasm!
The goblin closely misses you.
You barely miss the goblin. The goblin hits you but does no damage.
You closely miss the goblin. The goblin barely misses you.
You barely miss the goblin. The goblin hits you with a +0 dagger.
You hit the goblin.
You kill the goblin!
You see here a +0 dagger.
HP restored.
Magic restored.
Found a barding.
You see here a +0 barding.
A bat comes into view.
A bat is nearby!
You see here a green potion.
e - 3 green potions (gained 1)
There are no items here.
You see here a scroll labelled FOFIMA REISIKK.
You closely miss the bat. The bat hits you.
i - 4 scrolls labelled FOFIMA REISIKK (gained 1)
The bat barely misses you. The bat hits you but does no damage.
You barely miss the bat. The bat closely misses you. The bat barely misses you.
You closely miss the bat. The bat completely misses you.
The bat barely misses you.
You closely miss the bat. Your punch misses the bat.
The bat hits you but does no damage. The bat hits you but does no damage.
The bat barely misses you. The bat barely misses you. x2
You closely miss the bat. The bat closely misses you. x2
You closely miss the bat. The bat hits you.
A ball python comes into view.
You closely miss the bat. The bat closely misses you.
The ball python hisses angrily.
You hit the bat.
You kill the bat!
You hear a shout!
A gnoll comes into view. It is wielding a +0 spear.
The ball python bites you but does no damage.
The ball python bites you.
The ball python attacks as you move away!
The ball python bites you but does no damage.
The ball python attacks as you move away!
The ball python bites you but does no damage.
The ball python attacks as you move away!
The ball python barely misses you. The ball python barely misses you.
The ball python attacks as you move away!
The ball python closely misses you.
The ball python attacks as you move away!
The ball python barely misses you. The ball python completely misses you.
The ball python attacks as you move away!
The ball python bites you but does no damage.
The ball python closely misses you.
The ball python attacks as you move away!
The ball python closely misses you.
The ball python attacks as you move away!
The ball python barely misses you. The ball python bites you.
The ball python attacks as you move away!
The ball python closely misses you.
The ball python attacks as you move away!
The ball python bites you but does no damage.
You hit the ball python.
The ball python is severely wounded.
The ball python bites you but does no damage.
You closely miss the ball python.
The ball python is severely wounded.
The ball python misses you. The gnoll hits you but does no damage.
You closely miss the ball python.
The ball python is severely wounded.
The ball python bites you.
The gnoll hits you from afar with a +0 spear!
The ball python bites you.
Casting: Cigotuvi's Dreadful Rot (safe; 13% risk of failure)
Confirm with . or Enter, or press ? or * to list all spells.
A part of your flesh rots into a cloud of miasma!
You feel drained.
The gnoll hits you from afar with a +0 spear.
The ball python bites you but does no damage.
The ball python attacks as you move away!
The ball python bites you.
You see here a +0 dagger.
Throw: 5 javelins
Press: ? - help, Q - select action, (/) - cycle Shift-Dir - straight line, f - gnoll
Aim: a gnoll, wielding a +0 spear and wearing a +0 scale mail (68% to hit)
You throw a javelin.
The javelin closely misses the ball python.
The javelin closely misses the gnoll.
The javelin pierces through the gnoll.
The gnoll is moderately wounded.
Throw: 4 javelins
Press: ? - help, Q - select action, (/) - cycle Shift-Dir - straight line, f/p - gnoll
Aim: a gnoll, wielding a +0 spear and wearing a +0 scale mail (moderately wounded, 68% to hit)
You throw a javelin.
The javelin barely misses the ball python.
The javelin pierces through the gnoll!
The gnoll is heavily wounded.
The javelin pierces through the gnoll.
The gnoll is heavily wounded.
Throw: 3 javelins
Press: ? - help, Q - select action, (/) - cycle Shift-Dir - straight line, f/p - gnoll
Aim: a gnoll, wielding a +0 spear and wearing a +0 scale mail (heavily wounded, 68% to hit)
You throw a javelin.
The javelin pierces through the ball python.
You kill the ball python!
The javelin pierces through the gnoll!
You kill the gnoll!
The javelin barely misses the gnoll.
Your Air Magic skill increases to level 1!
The gnoll barely misses you.
You see here a +0 dagger.
You hit the gnoll but do no damage.
The gnoll is heavily wounded.
The gnoll hits you with a +0 spear.
You hit the gnoll but do no damage.
The gnoll is heavily wounded.
The gnoll hits you but does no damage.
You closely miss the gnoll.
The gnoll is heavily wounded.
The gnoll hits you with a +0 spear.
You hit the gnoll.
The gnoll is heavily wounded.
The gnoll hits you with a +0 spear.
You closely miss the gnoll.
The gnoll is heavily wounded.
The gnoll hits you with a +0 spear!
* * * LOW HITPOINT WARNING * * *
You hit the gnoll but do no damage.
The gnoll is heavily wounded.
The gnoll hits you with a +0 spear.
* * * LOW HITPOINT WARNING * * *
Casting: Cigotuvi's Dreadful Rot (safe; 13% risk of failure)
Confirm with . or Enter, or press ? or * to list all spells.
You blink.
The gnoll hits you with a +0 spear.
You die...

........................##.#
.........####...........#..####
..........# ###########[......#
..........# #######......####.#
..........# #...............#.#
.........)###.##.######.#.#.#.#
..........÷.#....# #.#...#.#
........#.#÷#..########.#####.#
.........÷(..(.)@g§...#.......#
..............#######.#########
...(..........# #.# #<#
..........>..## #.# #.#
...).....##### ######.# #.#
###......# #......# #.#
#.#.#..# #.###########.#
#.#....# #.#...........#
#.##...# #.###.#########


You could see a gnoll.

Vanquished Creatures
  3 gnolls
  2 adders (D:2)
  A dart slug (D:1)
  An orc (D:3)
  3 ball pythons
  2 bats
  6 endoplasms
  7 giant cockroaches (D:2)
  5 goblins
  2 hobgoblins
  7 jackals (D:2)
  4 kobolds
  A quokka (D:3)
  2 frilled lizards
  6 rats
52 creatures vanquished.

Notes
Turn   | Place    | Note
-------+----------+-------------------------------------------
     0 | D:1      | GloriousHammer the Ogre Warper began the quest for the Orb.
     0 | D:1      | Reached XP level 1. HP: 22/22 MP: 3/3
   101 | D:1      | Reached skill level 3 in Fighting
   175 | D:1      | Found a faded altar of an unknown god.
   376 | D:1      | Reached XP level 2. HP: 31/31 MP: 5/5
   388 | D:1      | Got the Quarto of Transition and the Storm
   884 | D:2      | Learned a level 2 spell: Blink
   887 | D:2      | Learned a level 2 spell: Cigotuvi's Dreadful Rot
  1010 | D:2      | Reached XP level 3. HP: 37/39 MP: 6/6
  1482 | D:2      | Reached skill level 4 in Fighting
  1482 | D:2      | Reached XP level 4. HP: 45/48 MP: 7/7
  1870 | D:3      | Reached skill level 1 in Poison Magic
  1896 | D:3      | Identified the +5 dagger "Voxturrem" {flame, rF+ Will-
                  | Str+2 Int+5}
  1962 | D:3      | Reached skill level 1 in Necromancy
  2100 | D:3      | Reached skill level 1 in Air Magic
  2108 | D:3      | Slain by a gnoll

Illustrated notes

Levels and vault maps discovered:
D:1:      lemuel_arrival_tunnels, layout_basic,
          hellmonk_ecumenical_altar_leap_of_faith, corexii_hall_statues_i
D:2:      layout_basic, minmay_worlds_worst_comb
D:3:      layout_basic, mainiacjoe_overflow_alcove_4, minmay_misc_feat_columns,
          dk_vineyard_1, uniq_jessica

Skill      XL: |  1  2  3  4 |
---------------+-------------+-----
Fighting       | 3 4 |  4.2
Maces & Flails | 2 |  2.8
Poison Magic   | 1 |  1.1
Necromancy     | 1 |  1.0
Air Magic      | 1 |  1.0
Throwing       | |  1.0
Dodging        | |  2.1
Spellcasting   | |  2.4
Translocations | |  2.8

Action                     |  1- 3 |  4- 6 || total
---------------------------+-------+-------++-------
  Melee: Mace              |   133 |    22 ||   155
         Whip              |       |    35 ||    35
         Punch             |       |     1 ||     1
  Throw: Javelin           |       |     3 ||     3
   Cast: Blink             |       |     2 ||     2
         Cigotuvi's Dreadf |       |     2 ||     2
   Stab: Sleeping          |     3 |       ||     3
 Armour: Robe              |    53 |    21 ||    74
  Dodge: Dodged            |    90 |    47 ||   137
